cohdb
Replays
Latest Replays
All Replays
Popular Replays
Top Player Replays
Match Explorer
How It Works
Community
CoH3 Stats
Reddit
Sign in to upload your games and track your stats! →
Sign in with Steam
Match 22981328
Unlisted
Match 22981328
Overview
Messages
Build Orders
End
Panzergrenadier Squad
Selects Italian Infantry
250 Light Carrier
Panzergrenadier Squad
Construct Light Support Kompanie
MG34 Team
Combat Half-tracks
Fire Support Elements
Selects Guastatori Squad
Flakvierling Half-track
le.IG 18 Mechanized Group
Pak 38 Anti-tank Gun Team
Guastatori Squad
Construct Panzerarmee Kommand
Construct Mechanized Kompanie
Selects Registered Artillery
Support Armor Elements
Marder III Tank Destroyer
Selects Towed Cannone da 105/28 Field Howitzer
Selects Defensive Operations
橘子先生
Hadoris
zenlew
KOR-KINOrz
banksss33
youcanyouup
Gabriel Winter (Brasil)
ZELOT
0
0
Comments
sign in to comment!
No comments posted yet!